Map: Kimeran Refuge

Players

SpeedWeasel - Winner!

  • Race: Protoss Protoss
  • Spawn Location: 1:00

Grumm - Winner!

  • Race: Protoss Protoss
  • League: Gold
  • Spawn Location: 12:00

Fireymoon - Winner!

  • Race: Protoss Protoss
  • Spawn Location: 11:00

AuToBoTjOeY - Winner!

  • Race: Zerg Zerg
  • Spawn Location: 12:00

SilentOne

  • Race: Protoss Protoss
  • Spawn Location: 7:00

IRONMANZONE

  • Race: Terran Terran
  • Spawn Location: 6:00

LiveStrong

  • Race: Protoss Protoss
  • Spawn Location: 6:00

Ownage

  • Race: Protoss Protoss
  • Spawn Location: 5:00

VOD

Have the link to the VOD?

Description

Time

  • Played on: Jan. 11, 2016, 7:57 p.m.
  • Length: 13:43
Show
View Real Time Build Order
Export as new Build Order

SpeedWeasel Protoss - Winner!

Build Orders:  

Get SALT Encoding   

  12  0:03  Probe (Chrono Boost)  
  13  0:14  Probe (Chrono Boost)  
  14  0:19  Pylon  
  14  0:24  Probe (Chrono Boost)  
  15  0:40  Probe (Chrono Boost)  
  16  0:43  Pylon  
  16  0:50  Gateway  
  16  0:51  Probe (Chrono Boost)  
  17  1:02  Probe (Chrono Boost)  
  18  1:12  Probe (Chrono Boost)  
  19  1:33  Probe (Chrono Boost)  
  19  1:36  Forge  
  20  1:43  Probe (Chrono Boost)  
  20  1:45  Zealot  
  23  1:50  Assimilator  
  24  1:54  Probe (Chrono Boost)  
  24  1:55  Assimilator  
  24  1:59  Gateway  
  24  2:05  Cybernetics Core  
  24  2:07  Probe (Chrono Boost)  
  25  2:13  Photon Cannon  
  25  2:19  Photon Cannon  
  25  2:21  Probe (Chrono Boost)  
  26  2:27  Zealot  
  28  2:31  Probe (Chrono Boost)  
  29  2:42  Probe (Chrono Boost)  
  30  2:53  Pylon  
  30  2:55  Pylon  
  30  3:00  Warp Gate  
  30  3:05  Robotics Facility  
  30  3:12  Twilight Council  
  30  3:27  Mothership Core (Chrono Boost)  
  32  3:46  Probe (Chrono Boost)  
  33  3:48  Pylon  
  33  3:57  Probe (Chrono Boost)  
  33  4:02  Charge  
  30  4:07  Probe (Chrono Boost), Gateway  
  30  4:09  Gateway  
  31  4:14  Pylon  
  31  4:16  Observer  
  32  4:23  Probe (Chrono Boost)  
  33  4:37  Warp Prism  
  35  4:48  Dark Shrine  
  35  5:23  Pylon  
  35  5:33  Pylon  
  35  5:54  Zealot  
  35  5:55  Zealot x3  
  43  6:21  Dark Templar  
  43  6:22  Dark Templar x3  
  32  7:04  Warp Prism  
  32  7:06  Photon Cannon  
  32  7:07  Protoss Ground Weapons Level 1  
  34  7:10  Photon Cannon  
  34  7:13  Nexus  
  34  7:19  Gateway  
  34  7:20  Photon Cannon  
  34  7:22  Assimilator, Gateway  
  34  7:25  Gateway  
  34  7:27  Assimilator, Gateway  
  34  7:28  Pylon  
  34  7:50  Pylon  
  34  7:59  Robotics Bay  
  34  8:00  Pylon  
  34  8:11  Dark Templar  
  36  8:29  Probe (Chrono Boost)  
  37  8:40  Probe (Chrono Boost)  
  38  8:50  Probe (Chrono Boost)  
  39  9:09  Nexus  
  39  9:13  Assimilator  
  39  9:18  Assimilator  
  39  9:20  Pylon  
  39  9:24  Pylon  
  39  9:27  Probe (Chrono Boost)  
  40  9:38  Probe (Chrono Boost), Dark Templar  
  43  9:48  Probe (Chrono Boost)  
  44  10:07  Zealot x4  
  46  10:08  Zealot  
  46  10:12  Zealot  
  56  10:18  Probe (Chrono Boost)  
  57  10:28  Probe (Chrono Boost)  
  57  10:29  Zealot x2  
  57  10:32  Zealot  
  64  10:36  Zealot  
  64  10:39  Probe (Chrono Boost)  
  51  10:51  Probe (Chrono Boost)  
  48  11:02  Probe (Chrono Boost)  
  49  11:05  Forge  
  49  11:12  Protoss Ground Weapons Level 2  
  49  11:13  Probe (Chrono Boost)  
  50  11:19  Templar Archives  
  50  11:22  Pylon  
  50  11:23  Probe (Chrono Boost)  
  50  11:24  Pylon  
  51  11:25  Pylon  
  51  11:27  Pylon  
  51  11:34  Probe (Chrono Boost)  
  51  11:36  Dark Templar  
  51  11:37  Dark Templar  
  56  11:44  Probe (Chrono Boost)  
  57  11:55  Probe (Chrono Boost)  
  58  12:05  Probe (Chrono Boost)  
  55  12:16  Probe (Chrono Boost)  
  56  12:26  Probe (Chrono Boost)  
  57  12:32  Gravitic Drive  
  58  12:37  Probe (Chrono Boost)  
  58  12:47  Probe (Chrono Boost)  
  59  12:58  Probe (Chrono Boost)  
  60  13:08  Probe (Chrono Boost)  
  63  13:19  Probe (Chrono Boost)  
  64  13:30  Probe (Chrono Boost)  
Show
View Real Time Build Order
Export as new Build Order

Grumm Protoss - Winner!

Build Orders: 1 Gate Expand, Forge Fast Expand (FFE) 

Get SALT Encoding   

  12  0:02  Probe (Chrono Boost)  
  13  0:12  Probe (Chrono Boost)  
  14  0:28  Pylon  
  14  0:30  Probe (Chrono Boost)  
  15  0:41  Assimilator  
  15  0:47  Gateway  
  15  0:53  Forge  
  15  0:58  Probe (Chrono Boost)  
  15  1:04  Assimilator  
  16  1:36  Nexus  
  16  1:41  Probe (Chrono Boost)  
  17  2:01  Cybernetics Core  
  17  2:07  Pylon  
  17  2:10  Probe (Chrono Boost)  
  18  2:21  Assimilator  
  18  2:28  Probe (Chrono Boost)  
  19  2:47  Pylon  
  19  2:50  Probe x2 (Chrono Boost)  
  21  3:01  Probe x2 (Chrono Boost)  
  21  3:03  Protoss Air Weapons Level 1  
  23  3:19  Photon Cannon  
  23  3:31  Photon Cannon  
  23  3:34  Probe (Chrono Boost)  
  24  3:35  Probe (Chrono Boost)  
  25  3:50  Stargate  
  25  3:55  Stargate  
  25  4:01  Pylon  
  25  4:04  Probe (Chrono Boost)  
  27  4:10  Probe (Chrono Boost)  
  27  4:14  Probe (Chrono Boost)  
  28  4:20  Probe (Chrono Boost)  
  29  4:25  Probe (Chrono Boost)  
  29  4:31  Probe (Chrono Boost)  
  31  4:36  Fleet Beacon  
  31  4:40  Pylon  
  31  4:45  Phoenix (Chrono Boost)  
  33  4:50  Oracle (Chrono Boost)  
  36  4:54  Probe x2 (Chrono Boost)  
  38  5:03  Probe  
  38  5:05  Probe  
  40  5:08  Warp Gate  
  44  5:27  Tempest (Chrono Boost)  
  42  6:15  Tempest (Chrono Boost)  
  50  6:21  Pylon, Tempest (Chrono Boost)  
  50  6:36  Gateway  
  50  6:39  Assimilator  
  50  6:40  Gateway  
  50  6:42  Gateway  
  50  6:49  Photon Cannon  
  54  7:12  Tempest (Chrono Boost)  
  54  7:24  Probe  
  54  7:25  Probe  
  56  7:31  Tempest (Chrono Boost)  
  56  7:35  Probe  
  61  7:38  Probe  
  62  7:45  Probe  
  62  7:50  Probe  
  64  8:17  Tempest (Chrono Boost)  
  72  8:22  Tempest (Chrono Boost)  
  76  9:17  Pylon  
  76  9:19  Tempest (Chrono Boost)  
  76  9:21  Pylon  
  76  9:23  Pylon  
  76  9:25  Pylon  
  76  9:33  Tempest (Chrono Boost)  
  76  9:46  Nexus  
  76  9:54  Pylon  
  76  10:05  Pylon  
  76  10:13  Tempest (Chrono Boost)  
  76  10:17  Zealot x4, Tempest (Chrono Boost)  
  92  10:29  Protoss Air Weapons Level 2 (Chrono Boost)  
  92  10:36  Stargate  
  92  10:40  Stargate  
  92  10:45  Photon Cannon  
  92  10:48  Photon Cannon  
  92  10:51  Pylon  
  92  11:04  Assimilator  
  92  11:09  Assimilator  
  92  11:32  Zealot x2  
  86  11:33  Zealot x2  
  86  11:39  Tempest (Chrono Boost)  
  86  11:45  Tempest (Chrono Boost)  
  81  12:13  Tempest (Chrono Boost)  
  89  12:19  Tempest (Chrono Boost)  
  89  12:22  Tempest (Chrono Boost)  
  97  12:33  Tempest (Chrono Boost)  
  101  12:51  Tempest (Chrono Boost)  
Show
View Real Time Build Order
Export as new Build Order

Fireymoon Protoss - Winner!

Build Orders:  

Get SALT Encoding   

  12  0:03  Probe (Chrono Boost)  
  13  0:13  Probe (Chrono Boost)  
  14  0:21  Pylon  
  14  0:24  Probe (Chrono Boost)  
  15  0:37  Assimilator  
  15  0:39  Probe (Chrono Boost)  
  17  0:50  Probe (Chrono Boost)  
  17  0:52  Gateway  
  17  1:02  Probe (Chrono Boost)  
  18  1:13  Probe (Chrono Boost)  
  18  1:16  Pylon  
  19  1:24  Pylon  
  20  1:25  Probe (Chrono Boost)  
  20  1:36  Probe (Chrono Boost)  
  21  1:43  Cybernetics Core  
  23  1:47  Zealot (Chrono Boost)  
  23  1:53  Assimilator  
  23  2:00  Forge  
  23  2:20  Nexus  
  23  2:24  Warp Gate (Chrono Boost)  
  23  2:34  Zealot  
  25  2:37  Protoss Ground Weapons Level 1  
  25  2:41  Probe  
  26  2:46  Pylon  
  26  2:57  Gateway  
  26  3:04  Mothership Core  
  28  3:23  Zealot  
  30  3:39  Probe  
  31  3:49  Probe  
  32  4:00  Probe  
  32  4:02  Photon Cannon  
  30  4:10  Probe  
  30  4:15  Zealot  
  30  4:16  Zealot  
  35  4:25  Twilight Council  
  35  4:31  Protoss Shields Level 1  
  35  4:42  Gateway x2  
  35  4:46  Pylon  
  35  4:47  Stalker x2  
  35  4:48  Pylon  
  39  4:58  Probe  
  39  4:59  Probe  
  41  5:09  Probe  
  41  5:10  Charge  
  41  5:11  Probe  
  43  5:19  Probe  
  44  5:23  Assimilator, Probe  
  45  5:30  Probe  
  45  5:31  Sentry  
  45  5:35  Zealot  
  50  5:40  Probe  
  51  5:51  Probe  
  52  6:01  Probe  
  53  6:06  Stargate  
  53  6:09  Zealot x3  
  53  6:10  Sentry  
  61  6:21  Probe  
  61  6:23  Assimilator  
  62  6:32  Probe  
  63  6:42  Probe  
  63  6:46  Sentry x2  
  68  6:50  Zealot x2  
  68  6:53  Probe  
  73  7:03  Probe  
  66  7:43  Pylon  
  64  7:52  Gateway  
  64  7:55  Gateway  
  64  7:56  Gateway  
  64  8:00  Fleet Beacon  
  64  8:05  Robotics Facility  
  52  8:15  Zealot x3  
  52  8:16  Zealot  
  58  8:23  Protoss Ground Weapons Level 2  
  54  8:36  Sentry  
  54  8:37  Sentry x3  
  58  8:49  Mothership Core  
  60  9:01  Pylon  
  58  9:15  Warp Prism  
  52  9:34  Probe  
  53  9:44  Probe  
  54  9:55  Probe  
  54  9:57  Dark Shrine  
  54  9:59  Zealot x2  
  59  10:00  Zealot x4  
  59  10:01  Zealot  
  69  10:10  Immortal (Chrono Boost)  
  73  10:21  Protoss Shields Level 2  
  73  10:22  Robotics Facility  
  73  10:25  Robotics Facility  
  73  10:30  Zealot x2  
  77  10:36  Pylon  
  77  10:40  Pylon  
  77  10:43  Pylon  
  77  10:45  Pylon  
  77  10:55  Immortal (Chrono Boost)  
  81  11:05  Pylon  
  81  11:07  Pylon  
  81  11:10  Pylon  
  81  11:16  Dark Templar x4  
  81  11:17  Dark Templar x3  
  81  12:07  Nexus  
  81  12:09  Pylon  
  81  12:12  Pylon, Zealot x4  
  81  12:13  Zealot x2  
  81  12:14  Pylon  
  93  12:25  Immortal (Chrono Boost)  
  105  12:30  Immortal (Chrono Boost)  
  105  12:31  Immortal (Chrono Boost)  
  105  12:47  Zealot x5  
  105  12:48  Zealot x2  
  113  13:22  Probe  
  113  13:25  Assimilator  
  104  13:28  Assimilator  
Show
View Real Time Build Order
Export as new Build Order

AuToBoTjOeY Zerg - Winner!

Build Orders: Hatch First 

Get SALT Encoding   

  12  0:01  Drone  
  13  0:10  Drone  
  14  0:20  Extractor  
  14  0:21  Extractor  
  12  0:22  Drone x2  
  16  0:50  Overlord  
  16  0:54  Extractor  
  15  0:58  Hatchery  
  14  1:05  Spawning Pool  
  14  1:10  Drone  
  14  1:13  Drone  
  15  1:29  Drone x2  
  15  1:32  Drone  
  18  1:43  Drone  
  19  1:54  Queen  
  19  1:57  Metabolic Boost  
  21  2:05  Overlord  
  21  2:07  Drone  
  22  2:13  Queen  
  24  2:20  Drone x2  
  24  2:21  Drone  
  27  2:26  Drone  
  28  2:31  Drone  
  30  2:37  Drone  
  30  2:42  Drone  
  31  2:47  Drone  
  32  2:54  Drone  
  32  2:58  Drone  
  34  3:04  Drone, Overlord  
  35  3:06  Drone  
  36  3:19  Spine Crawler  
  35  3:20  Spine Crawler  
  35  3:23  Spine Crawler  
  35  3:24  Spine Crawler  
  35  3:25  Zergling x6  
  35  3:26  Zergling x8  
  39  3:35  Zergling x8  
  39  3:40  Zergling x2  
  44  3:41  Overlord  
  44  4:03  Drone x4  
  44  4:04  Drone x2  
  44  4:06  Extractor  
  44  4:07  Extractor  
  46  4:18  Zergling x8  
  50  4:25  Drone x2  
  52  4:33  Lair  
  52  4:43  Extractor  
  52  4:44  Overlord x2  
  51  4:50  Extractor  
  51  4:51  Hatchery  
  49  4:54  Drone x4, Extractor  
  52  5:03  Zergling x4  
  52  5:05  Zergling x4  
  52  5:06  Zergling x2  
  57  5:21  Evolution Chamber  
  56  5:36  Evolution Chamber  
  56  5:38  Roach Warren  
  54  5:43  Drone x2  
  54  5:44  Drone x2, Hydralisk Den  
  54  5:46  Drone x4  
  54  5:47  Drone  
  62  5:54  Hatchery  
  61  6:03  Zerg Missile Weapons Level 1  
  61  6:04  Zerg Ground Armor Level 1  
  61  6:17  Infestation Pit, Muscular Augments  
  60  6:19  Roach  
  60  6:20  Roach x6  
  60  6:22  Overlord x2  
  60  6:23  Glial Reconstitution  
  74  6:40  Queen  
  76  6:47  Queen  
  78  6:57  Roach x2  
  78  6:58  Roach x4  
  90  7:02  Overlord x2  
  90  7:15  Queen  
  86  7:19  Roach x3  
  86  7:20  Roach  
  94  7:36  Roach x2  
  94  7:37  Roach x6  
  104  7:49  Roach  
  104  7:50  Roach x2  
  108  8:10  Roach x2  
  108  8:11  Roach x2  
  108  8:12  Overlord x2  
  107  8:23  Roach x2  
  107  8:25  Overlord x2  
  105  8:46  Queen  
  93  8:55  Roach x6  
  103  8:56  Roach x3  
  103  8:59  Drone x2  
  87  9:19  Drone x2  
  87  9:20  Drone x6  
  87  9:21  Drone, Queen  
  96  9:34  Tunneling Claws  
  96  9:36  Zerg Missile Weapons Level 2  
  96  9:44  Zerg Ground Armor Level 2  
  96  10:17  Roach x2  
  96  10:18  Roach x11  
  122  10:46  Roach x2  
  122  10:47  Roach x5  
  136  10:56  Hatchery  
  135  10:57  Extractor  
  135  10:59  Extractor  
  131  11:19  Hydralisk x2  
  131  11:21  Overlord x3  
  135  11:58  Roach x5  
  135  11:59  Roach x8  
  159  12:11  Hive  
  159  12:55  Hatchery  
  159  12:56  Extractor x2  
Show
View Real Time Build Order
Export as new Build Order

SilentOne Protoss 

Build Orders:  

Get SALT Encoding   

  12  0:02  Probe (Chrono Boost)  
  13  0:12  Probe (Chrono Boost)  
  14  0:20  Pylon  
  14  0:23  Probe (Chrono Boost)  
  15  0:38  Probe (Chrono Boost)  
  15  0:41  Gateway  
  16  0:48  Probe (Chrono Boost)  
  17  0:55  Assimilator  
  17  0:59  Probe (Chrono Boost)  
  18  1:06  Gateway  
  18  1:09  Probe (Chrono Boost)  
  19  1:16  Pylon  
  19  1:21  Probe (Chrono Boost)  
  20  1:28  Cybernetics Core  
  20  1:32  Probe (Chrono Boost)  
  21  1:39  Assimilator  
  21  1:45  Probe (Chrono Boost)  
  22  1:52  Pylon  
  22  2:05  Adept x2  
  22  2:07  Warp Gate (Chrono Boost)  
  26  2:14  Probe  
  27  2:20  Pylon  
  27  2:32  Adept x2  
  31  2:41  Mothership Core  
  33  2:49  Forge  
  33  2:59  Stalker  
  33  3:01  Stalker  
  37  3:52  Protoss Ground Weapons Level 1 (Chrono Boost)  
  37  3:56  Photon Cannon  
  35  4:26  Stalker  
  35  4:28  Adept  
  39  4:32  Nexus  
  39  4:36  Pylon  
  39  4:51  Pylon  
  39  4:54  Probe  
  39  4:58  Zealot  
  39  4:59  Stalker  
  44  5:06  Probe  
  45  5:11  Robotics Facility  
  45  5:15  Pylon  
  45  5:26  Photon Cannon  
  45  5:30  Sentry x2  
  45  5:34  Probe  
  50  5:47  Probe, Protoss Ground Armor Level 1 (Chrono Boost)  
  51  5:58  Probe  
  51  6:02  Photon Cannon  
  52  6:08  Pylon  
  53  6:11  Observer  
  53  6:14  Stalker x2  
  57  6:21  Probe  
  57  6:22  Probe  
  59  6:30  Gateway  
  59  6:32  Observer  
  60  6:33  Probe x2  
  62  6:57  Stalker x2  
  66  7:04  Immortal  
  70  7:08  Robotics Bay  
  70  7:11  Probe  
  71  7:21  Probe  
  71  7:28  Zealot x2  
  24  7:55  Colossus  
  30  8:00  Stalker  
  30  8:01  Stalker  
  34  8:25  Stalker  
  36  8:52  Extended Thermal Lance  
  36  8:53  Colossus  
  36  8:54  Stalker x2  
  44  9:27  Zealot x2  
  48  9:39  Probe  
  49  9:51  Probe  
  50  9:53  Pylon  
  50  9:57  Stalker x2  
  54  10:03  Immortal  
  58  10:13  Nexus  
  58  10:45  Photon Cannon  
  58  10:52  Stalker x2  
  48  11:34  Photon Cannon  
  48  11:39  Stalker  
  50  11:40  Stalker  
  52  12:07  Probe  
  53  12:12  Probe  
  54  12:21  Pylon  
  54  12:24  Pylon  
  54  12:32  Pylon  
  54  12:34  Photon Cannon  
  54  12:37  Probe  
  54  12:39  Probe  
  54  12:42  Pylon  
  54  12:43  Pylon  
  56  12:56  Probe, Gateway  
  56  12:58  Gateway  
  57  13:01  Probe  
  57  13:02  Gateway  
  64  13:07  Probe  
  64  13:10  Pylon  
  65  13:13  Probe  
Show
View Real Time Build Order
Export as new Build Order

IRONMANZONE Terran 

Build Orders: MMM Bio 

Get SALT Encoding   

  12  0:02  SCV  
  14  0:14  SCV  
  14  0:22  Supply Depot  
  14  0:29  SCV  
  15  0:44  SCV  
  15  0:49  Barracks  
  16  0:56  SCV  
  17  1:06  Engineering Bay  
  17  1:09  SCV  
  18  1:14  Refinery  
  18  1:17  Refinery  
  18  1:23  Barracks  
  18  1:26  SCV  
  19  1:38  Marine  
  20  1:44  Orbital Command  
  20  2:00  Barracks  
  20  2:04  Marine  
  21  2:11  Marine  
  22  2:24  Factory  
  22  2:30  SCV  
  22  2:35  Barracks Tech Lab  
  22  2:36  Barracks Reactor  
  23  2:45  Supply Depot  
  23  2:50  Barracks Reactor  
  23  3:11  Command Center  
  23  3:15  Widow Mine  
  25  3:21  Combat Shields  
  25  3:28  SCV  
  26  3:40  SCV  
  27  3:46  Starport  
  27  4:08  Marine x4  
  31  4:21  Supply Depot  
  31  4:22  Marine  
  32  4:25  Refinery  
  32  4:26  Marine x4  
  32  4:28  Planetary Fortress  
  36  4:40  Starport Reactor  
  36  4:44  Stimpack  
  36  4:49  Supply Depot  
  36  4:50  Marine  
  36  4:51  Marine  
  38  5:05  SCV  
  39  5:12  SCV  
  40  5:17  SCV  
  40  5:20  Medivac  
  43  5:24  SCV  
  44  5:29  SCV  
  44  5:31  Medivac  
  47  5:41  SCV  
  48  5:46  SCV  
  49  5:54  SCV  
  50  5:58  SCV  
  50  6:06  SCV  
  50  6:10  Missile Turret, SCV  
  49  6:42  Orbital Command  
  46  7:13  Missile Turret  
  46  7:22  SCV  
  47  7:34  SCV  
  47  7:36  SCV  
  49  7:39  Marine  
  49  7:40  Marine x4  
  54  7:46  SCV  
  54  7:48  SCV  
  56  7:57  Marine  
  56  7:58  Marine x4, SCV  
  62  8:26  Marine x2  
  62  8:27  Marine x2  
  62  8:28  Marine, SCV  
  62  8:31  Viking  
  62  8:36  Viking  
  60  8:43  Marine  
  60  8:44  Marine x2  
  60  8:46  Marine  
  62  8:48  Marine  
  62  8:53  Supply Depot  
  53  9:01  Marine  
  53  9:02  Marine x2  
  55  9:04  Marine  
  55  9:06  Marine  
  58  9:15  Supply Depot  
  58  9:19  Marine x2  
  58  9:20  Marine  
  58  9:22  Medivac, Marine  
  64  9:24  Marine  
  65  9:37  Marine  
  66  9:43  Marine x4  
  66  9:55  Marine  
  67  10:01  Marine x4  
  71  10:12  Marine  
  72  10:18  Viking  
  72  10:19  Marine x4  
  78  10:43  Refinery  
  78  11:18  Marine  
  78  11:27  Marine x2  
  78  11:29  Marine  
  78  11:30  Marine  
  78  11:32  Viking  
  77  11:34  Widow Mine, Missile Turret  
  77  11:35  Marine  
  69  11:45  Marine x2  
  58  11:47  Marine  
  58  11:48  Marine  
  58  11:53  Marine  
  50  12:02  Viking, Widow Mine  
  54  12:11  Marine  
  55  12:32  Viking  
Show
View Real Time Build Order
Export as new Build Order

LiveStrong Protoss 

Build Orders:  

Get SALT Encoding   

  12  0:02  Probe (Chrono Boost)  
  13  0:13  Probe (Chrono Boost)  
  14  0:23  Pylon, Probe (Chrono Boost)  
  15  0:43  Gateway  
  15  1:08  Probe (Chrono Boost)  
  15  1:09  Assimilator  
  16  1:12  Assimilator  
  17  1:18  Probe (Chrono Boost)  
  17  1:29  Probe (Chrono Boost)  
  18  1:33  Cybernetics Core  
  18  1:42  Probe (Chrono Boost)  
  19  1:52  Probe (Chrono Boost)  
  20  1:56  Gateway  
  20  1:57  Gateway  
  20  2:03  Probe (Chrono Boost)  
  21  2:08  Gateway  
  21  2:11  Warp Gate (Chrono Boost)  
  21  2:13  Probe (Chrono Boost)  
  22  2:24  Pylon, Probe (Chrono Boost)  
  23  2:37  Pylon  
  23  2:39  Pylon  
  23  2:56  Probe (Chrono Boost)  
  24  3:06  Probe (Chrono Boost)  
  25  3:17  Probe (Chrono Boost)  
  26  3:20  Gateway  
  26  3:28  Probe  
  27  3:40  Probe  
  28  4:13  Probe  
  29  4:19  Stalker x4  
  29  4:20  Stalker  
  39  4:25  Probe  
  40  4:37  Probe  
  41  4:50  Probe  
  42  5:02  Probe  
  43  5:23  Gateway  
  43  5:25  Gateway  
  43  5:36  Gateway  
  43  5:38  Gateway  
  43  5:47  Sentry x2  
  47  6:14  Pylon  
  47  6:15  Pylon  
  47  6:16  Pylon  
  47  6:18  Pylon  
  47  6:19  Pylon  
  47  6:38  Zealot x2  
  47  6:39  Zealot x4  
  59  6:40  Zealot x2  
  26  8:22  Adept x2  
  26  8:23  Adept x4  
  26  8:24  Adept x3  
  26  8:49  Zealot x4  
  26  8:50  Zealot x5  
  26  9:29  Stalker x5  
  26  9:30  Stalker x3  
  26  9:31  Stalker  
  44  9:56  Stalker x4  
Show
View Real Time Build Order
Export as new Build Order

Ownage Protoss 

Build Orders:  

Get SALT Encoding   

  12  0:53  Probe (Chrono Boost)  
  13  1:03  Probe (Chrono Boost)  
  14  1:09  Nexus  
  14  1:11  Pylon  
  14  1:14  Probe (Chrono Boost)  
  15  1:21  Pylon  
  15  1:27  Assimilator  
  15  1:29  Probe (Chrono Boost)  
  16  1:33  Assimilator  
  16  1:40  Probe (Chrono Boost)  
  17  1:50  Probe (Chrono Boost)  
  17  1:51  Gateway  
  18  1:58  Gateway  
  19  2:01  Probe (Chrono Boost)  
  19  2:12  Probe (Chrono Boost)  
  20  2:22  Probe (Chrono Boost)  
  21  2:30  Pylon  
  21  2:33  Probe (Chrono Boost)  
  22  2:40  Zealot  
  24  2:50  Cybernetics Core  
  24  2:54  Zealot  
  27  2:58  Probe (Chrono Boost)  
  27  3:09  Probe (Chrono Boost)  
  27  3:12  Forge  
  28  3:19  Probe (Chrono Boost)  
  29  3:35  Probe (Chrono Boost)  
  29  3:40  Stalker x2  
  33  3:43  Warp Gate (Chrono Boost)  
  33  3:45  Probe (Chrono Boost)  
  32  3:56  Probe (Chrono Boost)  
  33  4:03  Photon Cannon  
  33  4:06  Probe (Chrono Boost)  
  33  4:07  Photon Cannon  
  34  4:11  Assimilator  
  34  4:16  Assimilator  
  35  4:17  Probe (Chrono Boost)  
  35  4:27  Probe (Chrono Boost)  
  36  4:38  Probe (Chrono Boost)  
  37  4:40  Stargate  
  37  4:44  Probe (Chrono Boost)  
  38  4:47  Probe (Chrono Boost)  
  39  4:53  Probe  
  39  4:57  Probe  
  41  5:04  Probe  
  41  5:06  Stargate  
  42  5:07  Stargate  
  42  5:08  Probe  
  43  5:14  Probe  
  44  5:22  Pylon  
  44  5:25  Pylon  
  44  5:29  Pylon  
  44  5:33  Pylon  
  44  5:39  Void Ray  
  48  5:49  Photon Cannon  
  44  5:53  Probe  
  42  6:03  Probe  
  32  6:14  Probe  
  30  6:24  Probe  
  30  6:25  Probe  
  32  6:35  Probe  
  32  6:36  Probe  
  34  6:40  Photon Cannon  
  34  6:43  Photon Cannon  
  34  6:47  Probe  
  34  6:48  Probe  
  36  6:57  Probe  
  36  6:58  Probe  
  38  7:08  Probe  
  38  7:09  Probe  
  40  7:17  Pylon  
  40  7:18  Probe  
  40  7:20  Pylon  
  41  7:29  Probe  
  41  7:32  Probe  
  43  7:38  Void Ray  
  43  7:39  Probe  
  48  7:50  Probe  
  49  8:00  Probe  
  48  8:11  Probe  
  44  8:21  Probe  
Tags
 
Add a new tag
Caveats
  • Supply blocks, unpowered buildings, or Contaminate may cause inaccurate times.
  • Supply counts are checked every 10 seconds.